 Dungeon Crawl Stone Soup version 0.21-a0-450-gd87a9b2 (webtiles) character file.

214691 precious the Executioner (level 17, -14/168 HPs)
             Began as a Minotaur Fighter on Nov 19, 2017.
             Was the Champion of Yredelemnul.
             Killed from afar by a revenant (42 damage)
             ... with a ghostly fireball
             ... on level 3 of the Abyss.
             The game lasted 00:55:48 (31044 turns).

precious the Executioner (Minotaur Fighter)        Turns: 31044, Time: 00:55:49

Health: -14/168    AC: 29    Str: 28    XL:     17   Next: 85%
Magic:  16/16      EV:  9    Int:  8    God:    Yredelemnul [******]
Gold:   3392       SH: 15    Dex: 12    Spells: 16/16 levels left

rFire    . . .     SeeInvis .   d - +5 broad axe of Spontaneous Combustion {venom, rPois rC+ Dex+2}
rCold    + + .     Gourm    .   c - +0 shield
rNeg     . . .     Faith    .   U - +0 plate armour
rPois    +         Spirit   .   b - +1 hat {Int+3}
rElec    .         Reflect  +   Q - +2 cloak
rCorr    .         Harm     .   m - +2 pair of gloves
MR       +....                  x - +1 pair of boots {Fly}
Stlth    ..........             p - +6 amulet of reflection
HPRegen  0.38/turn              k - +3 ring of evasion
MPRegen  0.15/turn              s - ring of protection from cold

@: flying, heavily drained
A: retaliatory headbutt, horns 2, [subdued magic 1], [MP-powered wands]
}: 2/15 runes: decaying, gossamer
a: Recall Undead Slaves, Injury Mirror, Animate Dead, Drain Life, Enslave Soul,
Renounce Religion, Stop Flying


You were on level 3 of the Abyss.
You worshipped Yredelemnul.
Yredelemnul was exalted by your worship.
You were not hungry.

You visited 6 branches of the dungeon, and saw 32 of its levels.
You visited the Abyss 1 time.
You also visited: Labyrinth, Sewer and Ice Cave.

You collected 3444 gold pieces.
You spent 52 gold pieces at shops.

Inventory:

Hand Weapons
 a - a +2 executioner's axe of chaos
 d - the +5 broad axe of Spontaneous Combustion (weapon) {venom, rPois rC+ Dex+2}
   (You found it on level 13 of the Dungeon)

   It poisons the flesh of those it strikes.
   It affects your dexterity (+2).
   It protects you from cold.
   It protects you from poison.
 L - a +0 antimagic executioner's axe
 R - a +3 longbow of flaming
 Y - a +2 battleaxe of freezing
Missiles
 X - 280 arrows
Armour
 b - a +1 hat of intelligence (worn)
 c - a +0 shield (worn)
 m - a +2 pair of gloves (worn)
 x - a +1 pair of boots of flying (worn)
 Q - a +2 cloak (worn)
 U - a +0 plate armour (worn)
Jewellery
 h - an uncursed amulet of faith
 k - a +3 ring of evasion (left hand)
 l - an uncursed ring of poison resistance
 p - a +6 amulet of reflection (around neck)
 s - a ring of protection from cold (right hand)
 D - an uncursed ring of protection from fire
 N - an uncursed amulet of guardian spirit
 O - an uncursed amulet of faith
 Z - an uncursed ring of fire
Wands
 i - a wand of lightning (8/15)
 z - a wand of iceblast (7/15)
 B - a wand of digging (11/24)
 G - a wand of digging (14/24)
 H - a wand of confusion (16/48)
 I - a wand of flame (21/48)
 T - a wand of clouds (6/9)
Scrolls
 n - 2 scrolls of blinking
 o - 2 scrolls of fear
 u - 8 scrolls of enchant weapon
 y - 2 scrolls of enchant armour
 A - 3 scrolls of teleportation
 C - 4 scrolls of magic mapping
 K - 15 scrolls of remove curse
 S - 11 scrolls of identify
 W - 3 scrolls of fog
Potions
 e - 2 potions of haste
 j - 5 potions of mutation
 q - 6 potions of ambrosia
 t - 2 potions of brilliance
 w - 4 potions of resistance
 E - 3 potions of cancellation
 M - 2 potions of might
 P - 3 potions of agility
Comestibles
 f - 5 bread rations
 g - 16 fruits
 r - 23 royal jellies
 F - 7 meat rations


   Skills:
 + Level 19.2(17.1) Fighting
 * Level 24.1(21.9) Axes
 + Level 19.1(17.1) Armour
 - Level 3.6(2.2) Shields


You had 16 spell levels left.
You didn't know any spells.

Dungeon Overview and Level Annotations

Branches:
Dungeon (15/15)            Temple (0/1) D:6            Lair (6/6) D:11
  Swamp (4/4) Lair:3       Spider (4/4) Lair:2        Slime (0/5) Lair:5
    Orc (2/2) D:12            Elf (0/3) Orc:2        Vaults (1/5) D:14
 Depths (0/5) D:15

Altars:
Elyvilon
Fedhas
Hepliaklqana
Qazlal
Vehumet
Xom
Yredelemnul
Jiyva

Shops:
D:5 *   D:6 %   D:12 *   D:14 :   Orc:1 *   Orc:2 :*[(

Annotations:
D:15 exclusions: obsidian statue and orange crystal statue
Lair:6 exclusion: 2 oklob plants


Innate Abilities, Weirdness & Mutations

You reflexively headbutt those who attack you in melee.
You have a pair of horns on your head.
[Your spells are a little easier to cast, but a little less powerful.]
[You expend magic power (3 MP) to strengthen your wands.]


Message History

* * * LOW HITPOINT WARNING * * *
The emperor scorpion simulacrum freezes you!
You resist.
* * * LOW HITPOINT WARNING * * *
The emperor scorpion simulacrum claws you but does no damage.
The emperor scorpion simulacrum closely misses you.
You block the small abomination's attack.
The spectral stone giant hits you!
* * * LOW HITPOINT WARNING * * *
You feel drained.
* * * LOW HITPOINT WARNING * * *
A white imp comes into view.
You hit the small abomination but do no damage.
The small abomination is moderately damaged.
You hit the emperor scorpion simulacrum.
You slash the spectral stone giant!
The revenant lashes out with ghostly flames.
The ghostly flame explodes!
The ghostly fireball engulfs you!
You feel drained.
You die...
Your body rises from the dead as a mindless zombie.

#♣ ###. ≈. #
.... .5
####..#♣♣.
#.##...L....♣
#.... .#....♣
#..#...§..♣
#.##.#..#♣
##.5@Z# .#
#..#Zx§# .# ♣
...#L##§..##
.## # . ..
####.# . # #.
# # ##.# . #.
# § #. # #. #
. #. . . . .
. .


You could see a revenant, a spectral stone giant, a small abomination, 2 white
imps and an emperor scorpion simulacrum.

Vanquished Creatures
  Gastronok (Lair:1)
  2 thorn hunters (Swamp:4)
  A ghost moth (Spider:1)
  2 emperor scorpions
  A cacodemon (Abyss:3)
  A juggernaut zombie (D:15)
  2 very ugly things (IceCv)
  An entropy weaver (Spider:3)
  Azrael (Spider:3)
  2 spark wasps (Spider:4)
  A minotaur (Lab)
  Josephine (D:10)
  A rakshasa (Vaults:1)
  4 hydras
  Erolcha (Orc:2)
  A centaur warrior (D:14)
  An ogre mage (D:15)
  9 two-headed ogres
  An alligator (Swamp:4)
  2 death yaks (Lair:4)
  2 orc high priests (Orc:2)
  A tengu warrior (D:15)
  5 wretched stars (Abyss:3)
  A fire crab (Lair:6)
  9 skeletal warriors
  2 spriggan druids
  A flayed ghost (D:15)
  A glowing orange brain (Abyss:3)
  3 swamp dragons
  Pikel (D:5)
  An orc knight (Orc:2)
  A necromancer (D:15)
  4 ugly things (D:15)
  5 orb spiders
  A deep elf mage (D:15)
  21 wolf spiders
  A cyclops (D:13)
  A manticore (D:15)
  5 ice statues (IceCv)
  7 black mambas
  A molten gargoyle (Lair:6)
  A centaur zombie (D:10)
  A black mamba (shapeshifter) (D:13)
  2 smoke demons (Abyss:3)
  An orange demon (Abyss:3)
  A torpor snail (Lair:4)
  3 gargoyles
  10 spiny frogs
  2 rime drakes (Lair:4)
  2 efreet
  A komodo dragon (shapeshifter) (D:13)
  9 komodo dragons
  6 demonic crawlers
  A freezing wraith (D:14)
  2 golden dragon simulacra (IceCv)
  7 yaktaurs
  2 anaconda simulacra (IceCv)
  2 polar bears
  A guardian mummy (D:15)
  4 trolls
  2 queen bees
  A meliai (Lair:4)
  2 tyrant leeches
  8 hornets
  Grinder (D:5)
  25 jumping spiders
  An ice dragon zombie (D:15)
  3 bog bodies
  5 slime creatures
  6 hippogriffs
  3 raiju (Abyss:3)
  13 blink frogs
  4 dream sheep (Lair:6)
  47 redbacks
  2 shadows
  7 wraiths
  11 tarantellas
  4 vampires
  A wyvern (D:14)
  A dire elephant simulacrum (IceCv)
  Sigmund (D:5)
  27 yaks
  Eustachio (D:6)
  A steam dragon (Lair:6)
  3 basilisks
  5 hungry ghosts
  A neqoxec (Abyss:3)
  11 humans (D:14)
  2 fire elementals (Spider:3)
  12 vampire mosquitoes
  5 swamp worms
  A large abomination (Abyss:3)
  An acid dragon (D:14)
  6 insubstantial wisps
  2 harpy simulacra (IceCv)
  A warg (Orc:2)
  2 hydra simulacra (IceCv)
  10 water moccasins
  5 porcupines
  4 swamp drakes
  3 hell hounds
  10 ice beasts
  8 orc warriors
  A sky beast (D:12)
  Purgy (Sewer)
  3 black bears
  A necrophage (D:11)
  2 phantoms
  An eye of draining (D:8)
  6 ogres
  4 wolves
  10 crocodiles
  5 centaurs
  Blork the orc (D:5)
  4 small abominations (Abyss:3)
  3 big kobolds
  A gnoll sergeant (D:3)
  15 bullfrogs
  5 scorpions
  41 killer bees
  4 wights (D:8)
  4 spriggan skeletons
  An electric eel (Lair:4)
  A howler monkey (D:8)
  4 jellies
  A lava snake (Lair:6)
  8 crimson imps
  A bullfrog zombie (D:7)
  A gnoll shaman (D:6)
  5 bullfrog skeletons
  7 centaur skeletons
  10 orc priests
  8 hounds
  An iron imp (Abyss:3)
  16 orc wizards
  2 hell rats (Lair:4)
  An iguana (D:12)
  11 worker ants
  Ijyb (D:5)
  A killer bee zombie (D:7)
  An ogre skeleton (Lab)
  3 hound skeletons
  A howler monkey zombie (D:10)
  10 gnolls
  8 adders
  5 shadow imps
  An adder zombie (D:5)
  2 adder skeletons
  2 worms (D:3)
  5 leopard geckos
  60 orcs
  9 giant cockroaches
  4 hobgoblins
  12 jackals
  5 quokkas
  4 ball pythons
  12 bats
  9 frilled lizards
  5 goblins
  A jackal zombie (D:7)
  25 kobolds
  A quokka skeleton (D:4)
  4 rats
  6 briar patches (Swamp:3)
  A fungus (Lair:2)
  4 plants
829 creatures vanquished.

Vanquished Creatures (collateral kills)
  Nikola (Vaults:1)
  Arachne (Spider:3)
  Jorgrun (Spider:2)
  Rupert (D:14)
  A thorn hunter (Swamp:3)
  Donald (Swamp:4)
  Roxanne (Spider:4)
  5 ghost moths
  Louise (Spider:3)
  3 emperor scorpions
  An orc warlord (Orc:2)
  An ironheart preserver (Vaults:1)
  2 entropy weavers
  A spark wasp (Spider:4)
  A fire dragon (Lair:6)
  13 hydras
  An ice dragon (Vaults:1)
  3 centaur warriors
  2 two-headed ogres
  A tengu warrior (D:15)
  7 alligators
  2 orc high priests (Orc:2)
  A spark wasp zombie (D:15)
  8 skeletal warriors
  6 swamp dragons (Swamp:4)
  A phantasmal warrior (Spider:4)
  5 orc knights
  16 orb spiders
  16 wolf spiders
  4 orc sorcerers (Orc:2)
  6 ugly things (D:14)
  2 cyclopes
  A moth of wrath (Spider:4)
  2 molten gargoyles (Lair:6)
  A centaur zombie (D:13)
  A black mamba (Lair:6)
  8 spiny frogs
  A centaur skeleton (D:14)
  An efreet (D:13)
  6 rime drakes
  4 komodo dragons
  6 demonic crawlers
  A yaktaur (D:14)
  2 meliai (Lair:4)
  2 tyrant leeches
  31 jumping spiders
  2 hippogriffs
  A troll (D:12)
  8 hornets
  A polar bear (Lair:6)
  3 bog bodies
  9 blink frogs
  2 dream sheep (Lair:6)
  12 slime creatures
  A spriggan zombie (D:15)
  2 shadows
  4 wyverns
  43 redbacks
  A spriggan (Swamp:1)
  17 tarantellas
  A vampire (Spider:4)
  4 basilisks
  3 fire elementals (Spider:3)
  5 humans (D:14)
  21 yaks
  2 hungry ghosts
  A steam dragon (D:13)
  9 vampire mosquitoes
  3 insubstantial wisps
  8 swamp worms
  4 hell hounds
  A soldier ant (D:15)
  6 water moccasins
  3 porcupines
  18 orc warriors
  A sky beast (D:9)
  8 swamp drakes
  A centaur (D:8)
  An eye of draining (D:13)
  2 ogres
  4 wolves (Lair:1)
  A phantom (D:15)
  3 crocodiles
  3 big kobolds
  A bullfrog (D:14)
  4 scorpions (Spider:1)
  11 killer bees
  A bullfrog zombie (D:13)
  3 lava snakes (Lair:6)
  3 jellies
  7 orc priests
  A hound (D:9)
  11 orc wizards
  A worker ant (D:12)
  A worker ant zombie (D:11)
  An adder (D:10)
  28 orcs
  5 kobolds
  3 fungi
  7 plants
490 creatures vanquished.

Vanquished Creatures (others)
  A profane servitor (D:15)
  A ghoul (Spider:2)
  Nessos (D:14)
  2 vampire knights
  3 skeletal warriors
  4 flayed ghosts
  6 phantasmal warriors
  A komodo dragon (Lair:6)
  A yaktaur (Vaults:1)
  10 flying skulls
  4 vampires
  3 wraiths
  2 centaurs
  2 wights
  A mummy (D:9)
  An orc (Orc:2)
  3 kobolds
  2 giant cockroach zombies (D:3)
  An orc zombie (D:3)
  A lurking horror (Abyss:3)
  5 plants
  3 withered plants (D:15)
58 creatures vanquished.

Grand Total: 1377 creatures vanquished

Notes
Turn   | Place    | Note
-------+----------+-------------------------------------------
     0 | D:1      | precious the Minotaur Fighter began the quest for the Orb.
     0 | D:1      | Reached XP level 1. HP: 19/19 MP: 0/0
   166 | D:1      | Reached XP level 2. HP: 27/27 MP: 1/1
   184 | D:1      | Reached skill level 3 in Axes
   482 | D:2      | Found a white marble altar of Elyvilon.
   729 | D:2      | Reached XP level 3. HP: 30/33 MP: 2/2
   773 | D:2      | Found a shimmering altar of Xom.
  1040 | D:3      | Found a faded altar of an unknown god.
  1050 | D:3      | Became a worshipper of Yredelemnul the Dark
  1050 | D:3      | Reached * piety under Yredelemnul
  1071 | D:3      | Found a glowing drain.
  1102 | D:3      | Reached skill level 4 in Axes
  1115 | Sewer    | Entered a sewer
  1120 | Sewer    | Reached XP level 4. HP: 41/41 MP: 1/3
  1178 | Sewer    | Noticed Purgy
  1193 | Sewer    | Killed Purgy
  1193 | Sewer    | Reached XP level 5. HP: 33/47 MP: 4/4
  1233 | D:3      | Reached skill level 5 in Axes
  1239 | D:3      | Reached ** piety under Yredelemnul
  1365 | D:3      | Reached skill level 5 in Fighting
  1421 | D:3      | Reached skill level 5 in Armour
  1421 | D:3      | Reached XP level 6. HP: 20/56 MP: 5/5
  2826 | D:4      | Found a radiant altar of Vehumet.
  2926 | D:5      | Entered Level 5 of the Dungeon
  2926 | D:5      | Found Ubbed's Assorted Antiques.
  2984 | D:5      | Reached *** piety under Yredelemnul
  2984 | D:5      | Reached skill level 6 in Axes
  2993 | D:5      | Noticed Blork the orc
  3000 | D:5      | Killed Blork the orc
  3039 | D:5      | Reached XP level 7. HP: 62/62 MP: 6/6
  3040 | D:5      | Noticed Ijyb
  3046 | D:5      | Killed Ijyb
  3349 | D:5      | Noticed Sigmund
  3361 | D:5      | Killed Sigmund
  3361 | D:5      | Reached skill level 7 in Axes
  3400 | D:5      | Found a stormy altar of Qazlal.
  3429 | D:5      | Noticed Grinder
  3429 | D:5      | Paralysed by Grinder for 3 turns
  3445 | D:5      | Paralysed by Grinder for 2 turns
  3451 | D:5      | Killed Grinder
  3482 | D:5      | Reached skill level 8 in Axes
  3482 | D:5      | Reached XP level 8. HP: 65/71 MP: 7/7
  3501 | D:5      | Noticed Pikel
  3519 | D:5      | Killed Pikel
  3519 | D:5      | Reached skill level 9 in Axes
  4040 | D:5      | Found a blossoming altar of Fedhas.
  4040 | D:5      | Found a hazy altar of Hepliaklqana.
  4154 | D:6      | Found Weerrucw's Food Boutique.
  4157 | D:6      | Noticed Eustachio
  4167 | D:6      | Killed Eustachio
  4167 | D:6      | Reached skill level 10 in Axes
  4226 | D:6      | Reached XP level 9. HP: 62/81 MP: 8/8
  4627 | D:6      | Reached **** piety under Yredelemnul
  4939 | D:6      | Found a staircase to the Ecumenical Temple.
  5295 | D:7      | Reached skill level 11 in Axes
  5540 | D:7      | Received a gift from Yredelemnul (a wight)
  6153 | D:8      | Received a gift from Yredelemnul (a mummy)
  6155 | D:8      | Reached skill level 12 in Axes
  6670 | D:8      | Reached XP level 10. HP: 87/91 MP: 9/9
  6688 | D:8      | Noticed a two-headed ogre
  6704 | D:8      | Killed a two-headed ogre
  7081 | D:8      | Noticed a two-headed ogre
  7091 | D:8      | Killed a two-headed ogre
  7350 | D:8      | Reached skill level 10 in Fighting
  7350 | D:8      | Reached skill level 10 in Armour
  7495 | D:9      | Received a gift from Yredelemnul (a wraith)
  7501 | D:9      | Reached skill level 13 in Axes
  7769 | D:9      | Received a gift from Yredelemnul (a wight)
  8202 | D:10     | Entered Level 10 of the Dungeon
  8599 | D:10     | Noticed Josephine
  8612 | D:10     | Killed Josephine
  8612 | D:10     | Reached skill level 14 in Axes
  8612 | D:10     | Reached XP level 11. HP: 39/101 MP: 10/10
  8643 | D:10     | Reached ***** piety under Yredelemnul
  8652 | D:10     | Received a gift from Yredelemnul (a wraith)
  9632 | D:11     | Reached skill level 15 in Axes
  9632 | D:11     | Received a gift from Yredelemnul (a vampire)
  9685 | D:11     | Found a staircase to the Lair.
 10375 | Lair:1   | Entered Level 1 of the Lair of Beasts
 10677 | Lair:1   | Received a gift from Yredelemnul (3 flying skulls)
 10755 | Lair:1   | Noticed Gastronok
 10769 | Lair:1   | Killed Gastronok
 10769 | Lair:1   | Reached XP level 12. HP: 99/112 MP: 11/11
 10814 | Lair:1   | Reached skill level 16 in Axes
 11338 | Lair:2   | Received a gift from Yredelemnul (2 flying skulls)
 11571 | Lair:2   | Found a hole to the Spider Nest.
 12016 | Lair:3   | Received a gift from Yredelemnul (a vampire)
 12036 | Lair:3   | Found a staircase to the Swamp.
 12672 | Lair:4   | Identified a scroll of acquirement
 12906 | Lair:4   | Received a gift from Yredelemnul (a skeletal warrior)
 12946 | Lair:4   | Reached XP level 13. HP: 23/123 MP: 12/12
 13267 | Lair:4   | Reached ****** piety under Yredelemnul
 13273 | Lair:4   | Received a gift from Yredelemnul (5 flying skulls)
 13394 | Lair:4   | Reached skill level 17 in Axes
 13954 | Lair:5   | Received a gift from Yredelemnul (a flayed ghost)
 14370 | Lair:5   | Received a gift from Yredelemnul (a vampire)
 14937 | Lair:5   | Found a viscous altar of Jiyva.
 14937 | Lair:5   | Found a staircase to the Slime Pits.
 15002 | Lair:6   | Entered Level 6 of the Lair of Beasts
 15054 | Lair:6   | Received a gift from Yredelemnul (a skeletal warrior)
 15309 | Lair:6   | Reached skill level 18 in Axes
 15467 | Lair:6   | Received a gift from Yredelemnul (a wraith)
 15749 | Lair:6   | Reached skill level 15 in Fighting
 15749 | Lair:6   | Reached skill level 15 in Armour
 15798 | Lair:6   | Received a gift from Yredelemnul (a vampire knight)
 15806 | Lair:6   | Found a large runed door.
 15809 | Lair:6   | Found a large runed door.
 16014 | Lair:6   | Noticed a fire dragon
 16021 | Lair:6   | Killed a fire dragon
 16456 | D:12     | Reached XP level 14. HP: 118/135 MP: 13/13
 16599 | D:12     | Found a staircase to the Orcish Mines.
 16626 | D:12     | Received a gift from Yredelemnul (a bone dragon)
 16916 | D:12     | Found Jevollu's Assorted Antiques.
 17128 | Orc:1    | Entered Level 1 of the Orcish Mines
 17187 | Orc:1    | You fall through a shaft!
 17187 | Orc:2    | Entered Level 2 of the Orcish Mines
 17187 | Orc:2    | Noticed an orc warlord
 17414 | Orc:1    | Received a gift from Yredelemnul (a phantasmal warrior)
 17640 | Orc:2    | Noticed Erolcha
 17646 | Orc:2    | Killed Erolcha
 17669 | Orc:2    | Found a staircase to the Elven Halls.
 17797 | Orc:2    | Reached skill level 19 in Axes
 17812 | Orc:2    | Killed an orc warlord
 17825 | Orc:2    | Received a gift from Yredelemnul (a vampire)
 17858 | Orc:2    | Received a gift from Yredelemnul (a flayed ghost)
 18034 | Orc:2    | Found Tiyf's General Store.
 18034 | Orc:2    | Found Ehios's Book Emporium.
 18044 | Orc:2    | Found Aledwomp's Antique Armour Shoppe.
 18044 | Orc:2    | Found Duted's Antique Weapon Shoppe.
 18069 | Orc:2    | Bought a potion of might for 52 gold pieces
 18573 | Orc:1    | Found Maxkagych's General Store.
 18811 | D:13     | Found a labyrinth entrance.
 18820 | Lab      | Entered a labyrinth
 19021 | Lab      | Received a gift from Yredelemnul (a vampire)
 19471 | D:13     | Received a gift from Yredelemnul (a phantasmal warrior)
 19507 | D:13     | Received a gift from Yredelemnul (a profane servitor)
 20035 | D:13     | Got a bloodstained broad axe
 20037 | D:13     | Identified the +5 broad axe of Spontaneous Combustion {venom, rPois rC+ Dex+2} (You found it on level 13 of the Dungeon)
 20095 | D:14     | Found a gate to the Vaults.
 20095 | D:14     | Noticed Rupert
 20109 | D:14     | Received a gift from Yredelemnul (a phantasmal warrior)
 20115 | D:14     | Killed Rupert
 20291 | D:14     | Noticed Nessos
 20304 | D:14     | Killed Nessos
 20304 | D:14     | Reached skill level 20 in Axes
 20598 | D:14     | Reached XP level 15. HP: 129/144 MP: 14/14
 20664 | D:14     | Received a gift from Yredelemnul (a vampire)
 20688 | D:14     | Received a gift from Yredelemnul (a bone dragon)
 20791 | D:14     | Received a gift from Yredelemnul (a vampire knight)
 20959 | D:14     | Found Keduam's Book Boutique.
 21287 | D:15     | Entered Level 15 of the Dungeon
 21500 | D:15     | Received a gift from Yredelemnul (a phantasmal warrior)
 21519 | D:15     | Found a staircase to the Depths.
 22166 | D:15     | Identified Touplih's Collected Works on the Congealing Traveller
 22913 | Swamp:1  | Entered Level 1 of the Swamp
 22945 | Swamp:1  | Received a gift from Yredelemnul (a skeletal warrior)
 23026 | Swamp:1  | Reached skill level 21 in Axes
 23462 | Swamp:1  | Identified Poucopua's Handbook of the Boosting Escort
 23679 | Swamp:2  | Received a gift from Yredelemnul (a ghoul)
 24213 | Swamp:3  | Received a gift from Yredelemnul (a skeletal warrior)
 24355 | Swamp:3  | Noticed a thorn hunter
 24366 | Swamp:3  | Killed a thorn hunter
 24371 | Swamp:3  | Received a gift from Yredelemnul (a vampire knight)
 24453 | Swamp:3  | Received a gift from Yredelemnul (a skeletal warrior)
 24804 | Swamp:4  | Entered Level 4 of the Swamp
 24825 | Swamp:4  | Reached XP level 16. HP: 133/155 MP: 15/15
 24832 | Swamp:4  | Received a gift from Yredelemnul (a phantasmal warrior)
 24862 | Swamp:4  | Received a gift from Yredelemnul (a vampire)
 24888 | Swamp:4  | Got a decaying rune of Zot
 24913 | Swamp:4  | Noticed a thorn hunter
 24917 | Swamp:4  | Killed a thorn hunter
 24962 | Swamp:4  | Noticed a thorn hunter
 24967 | Swamp:4  | Killed a thorn hunter
 25101 | Swamp:4  | Noticed Donald
 25110 | Swamp:4  | Killed Donald
 25579 | Spider:1 | Entered Level 1 of the Spider Nest
 25673 | Spider:1 | Reached skill level 22 in Axes
 26587 | Spider:2 | Received a gift from Yredelemnul (a bone dragon)
 26670 | Spider:2 | Received a gift from Yredelemnul (a flayed ghost)
 26744 | Spider:2 | Killed Jorgrun
 26934 | Spider:2 | Received a gift from Yredelemnul (a phantasmal warrior)
 27156 | Spider:3 | Noticed Azrael
 27167 | Spider:3 | Received a gift from Yredelemnul (a vampire knight)
 27170 | Spider:3 | Killed Azrael
 27210 | Spider:3 | Received a gift from Yredelemnul (a vampire knight)
 27252 | Spider:3 | Found a frozen archway.
 27293 | IceCv    | Entered an ice cave
 27421 | IceCv    | Received a gift from Yredelemnul (a phantasmal warrior)
 27556 | IceCv    | Reached skill level 23 in Axes
 27556 | IceCv    | Reached XP level 17. HP: 52/166 MP: 16/16
 27893 | IceCv    | Got a jewelled war axe
 27894 | IceCv    | Identified the +9 war axe of Extremism {drain, +Inv Dex+2} (You found it in an ice cave)
 28111 | Spider:3 | Noticed Louise
 28113 | Spider:3 | Noticed Arachne
 28123 | Spider:3 | Killed Louise
 28124 | Spider:3 | Received a gift from Yredelemnul (a phantasmal warrior)
 28125 | Spider:3 | Killed Arachne
 28495 | Spider:4 | Entered Level 4 of the Spider Nest
 28645 | Spider:4 | Received a gift from Yredelemnul (a vampire)
 28800 | Spider:4 | Noticed Roxanne
 28855 | Spider:4 | Killed Roxanne
 29079 | Spider:4 | Received a gift from Yredelemnul (a flayed ghost)
 29398 | Spider:4 | Got a gossamer rune of Zot
 29864 | Vaults:1 | Entered Level 1 of the Vaults
 30229 | Vaults:1 | Noticed Nikola
 30237 | Vaults:1 | Killed Nikola
 30486 | Vaults:1 | Received a gift from Yredelemnul (a vampire knight)
 30543 | Vaults:1 | Reached skill level 24 in Axes
 30544 | Vaults:1 | Cast into level 3 of the Abyss (a deep elf sorcerer)
 30689 | Abyss:3  | Noticed a bone dragon
 30977 | Abyss:3  | Received a gift from Yredelemnul (a flayed ghost)
 31044 | Abyss:3  | Killed from afar by a revenant

Vault maps used:
D:1:      dpeg_arrival_pits
D:2:      lemuel_doored_altar, overflow_temple_1_default
D:3:      chequers_ecumenical_altar_twisty, first_bread, gup_sewer_entry_glass
D:4:      vehumet_altar_wand_db
D:5:      grunt_qazlal_sundering, gammafunk_temple_overflow_statue,
          serial_shops, nicolae_shop_temple_entry_statues_fountains,
          uniq_blork_the_orc, uniq_pikel, uniq_ijyb, uniq_grinder, uniq_sigmund
D:6:      cheibrodos_iron_armory, minmay_temple_entry_fiery, serial_shops,
          nicolae_shop_statue_plus, uniq_eustachio
D:8:      kennysheep_generic_room_8
D:9:      david_nohive_1
D:10:     uniq_josephine
D:11:     lair_entry_dummy, hangedman_tell_no_tales
D:12:     orc_0_dummy, kennysheep_windowed_goal
D:13:     lab_entry_generic
D:14:     david_vaults_3, hangedman_abyss_or_decor_slice, serial_shops,
          kennysheep_mini, uniq_nessos
D:15:     gammafunk_depths_entry_grave, david_greed
Lair:1:   uniq_gastronok
Lair:2:   nicolae_spider_entry_tight_spaces
Lair:3:   swamp_mist
Lair:4:   regret_index_wax_grids, wad_woods_river_01
Lair:5:   cheibrodos_lair_river_kwai, dpeg_slime_entry_enclosed_altar,
          infiniplex_staircase_pool_2
Lair:6:   cheibrodos_lair_end_hotspot, minmay_lair_oklob_chamber
Swamp:1:  evilmike_swamp_ruin_house_2, swamp_pool1
Swamp:2:  evilmike_swamp_ruin_rubble_1, swamp_pool1, infiniplex_staircase_pool
Swamp:3:  evilmike_swamp_ruin_house_3
Swamp:4:  swamp_alternative, uniq_donald
Spider:1: spiders_nest_scorpion_pit, nicolae_spider_webs_and_nodes, spider_trap
Spider:2: spider_trap, nicolae_spider_nook, uniq_jorgrun
Spider:3: portal_ice_cave_entry_pillars_three, nicolae_spider_cling_ruins,
          uniq_arachne, uniq_louise, uniq_azrael
Spider:4: grunt_spider_rune_parallel, spider_trap, uniq_roxanne
Orc:1:    serial_shops, nicolae_shop_crystal
Orc:2:    st_orc_congregation, uniq_erolcha
Vaults:1: hangedman_vaults_stitches, vaults_mumra_minichess_inversion,
          nicolae_vaults_network_quinsquares, v_alt_pattern_3,
          ontoclasm_vaults_bender, ontoclasm_vaults_decontamination,
          dpeg_vaults_monster_row, hangedman_vaults_corner_blocks, serial_ice_h,
          nicolae_vaults_angled_halls, v_alt_pattern_4,
          nicolae_vaults_know_your_exits, nicolae_vaults_alarming,
          ontoclasm_vaults_gateway, serial_shops, nicolae_shop_window_shopping,
          uniq_nikola
Abyss:3:  minivault_13, hangedman_abyss_lost_library,
          dshaligram_kb_abyss_rune_zappy_water_cross,
          hangedman_abyss_or_decor_stagger
Lab:      labyrinth_mini_lab, nicolae_lab_blocks, nicolae_lab_garden,
          nicolae_lab_t_cross, nicolae_lab_very_dead_end, lab_statue,
          nicolae_lab_x, nicolae_lab_plus, nicolae_lab_diamond
Sewer:    sewer_co_purgy_island
IceCv:    ice_cave_statue_garden_chambered

Skill      XL: |  1  2  3  4  5  6  7  8  9 10 11 12 13 14 15 16 17 |
---------------+----------------------------------------------------+-----
Axes           | 3 4 5 6 8 10 12 14 15 16 18 20 21 23 24 | 24.1
Fighting       | 4 5 6 7 9 10 12 13 15 16 17 18 19 | 19.2
Armour         | 4 5 6 7 9 10 12 13 15 16 17 18 19 | 19.1
Shields        | |  3.6

Action                   |  1- 3 |  4- 6 |  7- 9 | 10-12 | 13-15 | 16-18 || total
-------------------------+-------+-------+-------+-------+-------+-------++-------
Melee: War axe           |    73 |   141 |   282 |   682 |   754 |       ||  1932
       Headbutt          |     5 |    26 |    44 |   166 |   236 |   174 ||   651
       Broad axe         |       |       |       |       |   232 |   607 ||   839
Throw: Stone             |       |    37 |       |       |       |       ||    37
Invok: Animate Remains   |     2 |     1 |       |       |       |       ||     3
       Recall Undead Sla |       |       |       |       |     2 |     5 ||     7
Evoke: Wand              |       |     4 |     3 |     1 |       |       ||     8
  Use: Scroll            |     3 |     5 |     5 |    10 |    13 |    10 ||    46
       Potion            |       |    11 |     3 |     5 |     5 |     8 ||    32
 Stab: Distracted        |       |       |       |     6 |    18 |     4 ||    28
       Confused          |       |       |       |     2 |       |     1 ||     3
       Paralysed         |       |       |       |       |     1 |     7 ||     8
  Eat: Chunk             |       |     2 |     4 |    11 |    22 |       ||    39
       Bread ration      |       |     1 |     3 |     3 |     5 |     4 ||    16
       Fruit             |       |       |       |       |     2 |     1 ||     3
       Royal jelly       |       |       |       |       |     1 |       ||     1
Armor: Scale mail        |    24 |    43 |    56 |    12 |       |       ||   135
       Skin              |       |    18 |       |       |       |       ||    18
       Plate armour      |       |       |       |   201 |   435 |   358 ||   994
Dodge: Dodged            |    31 |    53 |    61 |   130 |   243 |   170 ||   688
Block: Shield            |    46 |   189 |   230 |   429 |   703 |   418 ||  2015
       Reflection        |       |       |     8 |     9 |    35 |     6 ||    58

Table legend:
 A = Spawn XP
 B = Non-spawn XP
 C = Spawn XP percentage of total XP
 D = Spawn monster count
 E = Non-spawn monster count
 F = Spawn count percentage of total count
 G = Total turns spent on level
                    A         B        C        D         E        F      G
               +---------+---------+-------+---------+---------+-------+---------
         Total |    6830 |  272398 |   2.4 |      20 |    1280 |   1.5 | 31044
               +---------+---------+-------+---------+---------+-------+---------
           D:1 |       0 |      23 |   0.0 |       0 |      16 |   0.0 |   482
           D:2 |       0 |      25 |   0.0 |       0 |       8 |   0.0 |   535
           D:3 |       0 |     293 |   0.0 |       0 |      46 |   0.0 |  1231
           D:4 |       0 |      16 |   0.0 |       0 |       7 |   0.0 |   570
           D:5 |       0 |    1727 |   0.0 |       0 |      17 |   0.0 |  1137
           D:6 |       0 |    1009 |   0.0 |       0 |      30 |   0.0 |  1035
           D:7 |       0 |    1055 |   0.0 |       0 |      23 |   0.0 |   860
           D:8 |       0 |    3459 |   0.0 |       0 |      45 |   0.0 |  1536
           D:9 |       0 |    1970 |   0.0 |       0 |      26 |   0.0 |   708
          D:10 |       0 |    5529 |   0.0 |       0 |      42 |   0.0 |  1120
          D:11 |       0 |    2069 |   0.0 |       0 |      21 |   0.0 |  1140
          D:12 |       0 |    6147 |   0.0 |       0 |      32 |   0.0 |   712
          D:13 |       0 |   10473 |   0.0 |       0 |      68 |   0.0 |  1112
          D:14 |       0 |   17615 |   0.0 |       0 |      67 |   0.0 |  1198
          D:15 |       0 |   19457 |   0.0 |       0 |      41 |   0.0 |  1490
        Lair:1 |       0 |    7982 |   0.0 |       0 |      37 |   0.0 |  1014
        Lair:2 |       0 |    3870 |   0.0 |       0 |      17 |   0.0 |   808
        Lair:3 |       0 |    2334 |   0.0 |       0 |      14 |   0.0 |   609
        Lair:4 |       0 |   12796 |   0.0 |       0 |      78 |   0.0 |  1434
        Lair:5 |       0 |    6187 |   0.0 |       0 |      24 |   0.0 |  1094
        Lair:6 |       0 |   13926 |   0.0 |       0 |      61 |   0.0 |  1342
       Swamp:1 |       0 |    4196 |   0.0 |       0 |      18 |   0.0 |   763
       Swamp:2 |       0 |    6195 |   0.0 |       0 |      27 |   0.0 |   591
       Swamp:3 |       0 |    8139 |   0.0 |       0 |      32 |   0.0 |   614
       Swamp:4 |       0 |   18469 |   0.0 |       0 |      43 |   0.0 |   652
      Spider:1 |       0 |   13341 |   0.0 |       0 |      44 |   0.0 |  1037
      Spider:2 |       0 |   20475 |   0.0 |       0 |      79 |   0.0 |   608
      Spider:3 |       0 |   17116 |   0.0 |       0 |      50 |   0.0 |   672
      Spider:4 |       0 |   32854 |   0.0 |       0 |     108 |   0.0 |  1053
         Orc:1 |       0 |     635 |   0.0 |       0 |      22 |   0.0 |   724
         Orc:2 |       0 |    9314 |   0.0 |       0 |      80 |   0.0 |   880
      Vaults:1 |       0 |   11141 |   0.0 |       0 |      19 |   0.0 |   680
       Abyss:3 |    6830 |    2395 |  74.0 |      20 |       2 |  90.9 |   500
           Lab |       0 |    2222 |   0.0 |       0 |       7 |   0.0 |   320
         Sewer |       0 |     134 |   0.0 |       0 |       7 |   0.0 |   108
         IceCv |       0 |    7810 |   0.0 |       0 |      22 |   0.0 |   675
               +---------+---------+-------+---------+---------+-------+---------
